 Dungeon Crawl Stone Soup version 0.28.0-47-ge53b351184 (webtiles) character file.

Game seed: 4705335461011597663

37 JhonaSan2K the Grave Robber (level 3, -9/25 HPs)
             Began as a Demonspawn Necromancer on May 6, 2022.
             Mangled by a two-headed ogre
             ... wielding a +0 giant spiked club
             ... created by the fury of Okawaru
              (28 damage)
             ... on level 3 of the Dungeon.
             The game lasted 00:04:49 (1699 turns).

JhonaSan2K the Grave Robber (DsNe)                  Turns: 1699, Time: 00:04:50

Health: -9/25      AC:  2    Str: 10    XL:     3   Next: 21%
Magic:  6/6        EV: 12    Int: 16    God:
Gold:   14         SH:  0    Dex: 13    Spells: 5/7 levels left

rFire   . . .      SeeInvis .   e - +0 spear
rCold   . . .      Faith    .   (no shield)
rNeg    . . .      Spirit   .   a - +0 robe
rPois   .          Reflect  .   (no helmet)
rElec   .          Harm     .   (no cloak)
rCorr   .          Rampage  .   (no gloves)
Will    .....                   (no boots)
Stlth   ++........              (no amulet)
HPRegen 0.08/turn               (no ring)
MPRegen 0.10/turn               (no ring)

@: no status effects
A: weakness stinger 1
a: no special abilities


You were on level 3 of the Dungeon.
You visited 1 branch of the dungeon, and saw 3 of its levels.

You collected 14 gold pieces.

Inventory:

Hand Weapons
 d - a +0 whip
 e - a +0 spear (weapon)
 h - a +0 dagger of venom
Missiles
 b - 26 stones
Armour
 a - a +0 robe (worn)
Scrolls
 f - a scroll of silence {unknown}
Potions
 c - a potion of heal wounds {unknown}
 g - a potion of magic {unknown}
 i - a potion of lignification {unknown}


   Skills:
 + Level 0.4 Fighting
 + Level 2.1 Dodging
 + Level 2.2 Stealth
 * Level 2.6 Spellcasting
 + Level 4.6 Necromancy


You had 5 spell levels left.
You knew the following spells:

 Your Spells              Type           Power      Damage    Failure   Level
a - Pain                  Necr           68%        1d7       3%          1
b - Animate Skeleton      Necr           34%        N/A       3%          1

Your spell library contained the following spells:

 Spells                   Type           Power      Damage    Failure   Level
 Vampiric Draining        Necr           17%        2d7       9%          3
 Animate Dead             Necr           8%         N/A       28%         4
 Agony                    Necr           17%        N/A       63%         5


Dungeon Overview and Level Annotations

Branches:
Dungeon (3/15)

Altars:
Ashenzari
Okawaru

Annotations:
D:2 Sigmund


Innate Abilities, Weirdness & Mutations

You have a small tail.


Message History

Reach: e) +0 spear
Press: ? - help, Dir - move target, f/p - bat
Aim: a bat (heavily wounded, about 56% to evade your +0 spear)
You reach to attack!
You barely miss the bat.
The bat is heavily wounded.
The bat closely misses you.
Unknown command.
Reach: e) +0 spear
Press: ? - help, Dir - move target, f/p - bat
Aim: a bat (heavily wounded, about 56% to evade your +0 spear)
You barely miss the bat.
The bat is heavily wounded.
The bat closely misses you.
Unknown command.
Reach: e) +0 spear
Press: ? - help, Dir - move target, f/p - bat
Aim: a bat (heavily wounded, about 56% to evade your +0 spear)
You hit the bat.
You kill the bat!
Unknown command.
You start resting.
You hear the slow rusting of a very distant drain.
You start resting.
Magic restored.
You start resting.
You hear the slow rusting of a very distant drain.
You start resting.
You hear the slow rusting of a very distant drain.
You start resting.
Okawaru sends forces against you!
A two-headed ogre comes into view.
It is wielding two +0 giant spiked clubs.
You hit the two-headed ogre but do no damage.
Your tail-slap misses the two-headed ogre.
Things that are here:
a +0 dagger; a goblin corpse
Found a broken altar of Ashenzari.
The two-headed ogre misses you.
The two-headed ogre hits you with a +0 giant spiked club!!
Ouch! That really hurt!
You die...

.≈≈ ....... ##.# ......
#..#######..#.
###########.............
#.......................
.#####.###...........).
#......#.......###...
##.....#......###....
##.@O.#.....## #....
##...#....## #....
##..#...## #....
##.#..## ...... ##+##
...... .. ._. ...# ####


You could see a two-headed ogre.

Vanquished Creatures
  An adder (D:2)
  2 endoplasms
  4 goblins
  3 hobgoblins (D:1)
  3 kobolds (D:1)
  A quokka (D:1)
  3 ball pythons (D:1)
  5 bats
  A frilled lizard (D:1)
23 creatures vanquished.

Vanquished Creatures (collateral kills)
  An endoplasm (D:1)
1 creature vanquished.

Grand Total: 24 creatures vanquished

Notes
Turn   | Place    | Note
-------+----------+-------------------------------------------
     0 | D:1      | JhonaSan2K the Demonspawn Necromancer began the quest for
                  | the Orb.
     0 | D:1      | Reached XP level 1. HP: 13/13 MP: 3/3
     2 | D:1      | Learned a level 1 spell: Animate Skeleton
   556 | D:1      | Gained mutation: You have a small tail. [demonic ancestry]
   556 | D:1      | Reached XP level 2. HP: 17/19 MP: 3/5
  1099 | D:1      | Found a faded altar of an unknown god.
  1106 | D:1      | Prayed at the altar of an unknown god.
  1106 | D:1      | Became a worshipper of Warmaster Okawaru
  1106 | D:1      | Reached * piety under Okawaru
  1107 | D:1      | Fell from the grace of Okawaru
  1448 | D:2      | Noticed Sigmund
  1475 | D:2      | Reached XP level 3. HP: 12/24 MP: 1/6
  1507 | D:2      | Noticed a gnoll sergeant
  1675 | D:3      | Noticed a two-headed ogre
  1696 | D:3      | Found a broken altar of Ashenzari.
  1699 | D:3      | Mangled by a two-headed ogre

Illustrated notes

Levels and vault maps discovered:
D:1:      minmay_arrival_radiant_lines, layout_rooms,
          dreamdust_ecumenical_altar_hidden_monk_grotto
D:2:      layout_basic, minmay_fractal_squares_gapless_5, uniq_jessica,
          uniq_sigmund
D:3:      layout_rooms, mainiacjoe_overflow_tiny_flanked,
          nicolae_ashenzari_panopticon, cheibrodos_sewer_entry_bend,
          chequers_serial_rivers_small_a, uniq_crazy_yiuf_cottage, uniq_ijyb

Skill      XL: |  1  2 |
---------------+-------+-----
Stealth        | 2 |  2.2
Dodging        | 2 |  2.1
Fighting       | |  0.4
Spellcasting   | |  2.6
Necromancy     | |  4.6

Action                   || total
-------------------------++-------
Melee: Unarmed           ||     4
       Spear             ||    17
Throw: Stone             ||     1
 Cast: Pain              ||    41
       Animate Skeleton  ||     2
Invok: Renounce Religion ||     1
Armor: Robe              ||     3
Dodge: Dodged            ||    16
